General information
- name: BNet
- type: Ladder team game (AT/RT)
- host: Battle.net
- saver: NoMeansNo
map: MarketSquare
- players: 8
- length: 37:23
- speed: Fast
- version: 1.27 W3XP
- replay type: Public
» download(270 KB)
Players
team 1 (winner)

»
SerenityNow (
purple | 57 APM | 1605 actions | 28:11)
5 Mountain King
3 Storm Bolt
2 Bash
3 Paladin
1 Holy Light
2 Divine Shield
» actions
| Basic commands | 96 | |
| Build / train | 84 | |
| Enter build submenu | 25 | |
| Enter hero's abilities submenu | 8 | |
| Remove unit from queue | 1 | |
| Right click | 727 | |
| Select / deselect | 584 | |
| Use ability | 80 | |
1605 total
» units
| Peasant | 21 | |
| Rifleman | 12 | |
| Flying Machine | 9 | |
| Mortar Team | 5 | |
| Siege Engine | 6 | |
53 total
» upgrades
| Long Rifles | 1 | |
| Gunpowder | 3 | |
| Lumber Harvesting | 1 | |
| Plating | 2 | |
| Fragmentation Shards | 1 | |
| Barrage | 1 | |
| Flare | 1 | |
10 total
» buildings
| Farm | 11 | |
| Altar of Kings | 1 | |
| Blacksmith | 1 | |
| Barracks | 1 | |
| Lumber Mill | 1 | |
| Arcane Vault | 1 | |
| Scout Tower | 6 | |
| Arcane Tower | 1 | |
| Guard Tower | 3 | |
| Keep | 1 | |
| Workshop | 2 | |
| Castle | 1 | |
30 total
» build order
00:33 Farm
00:38 Altar of Kings
01:14 Farm
01:19 Blacksmith
01:53 Farm
01:59 Barracks
02:14 Lumber Mill
02:33 Arcane Vault
02:37 Scout Tower
03:13 Arcane Tower
04:12 Scout Tower
04:46 Guard Tower
04:59 Keep
05:10 Farm
05:16 Scout Tower
05:17 Scout Tower
09:44 Scout Tower
10:05 Farm
10:13 Guard Tower
10:15 Scout Tower
10:44 Guard Tower
10:49 Farm
12:42 Workshop
13:11 Workshop
13:24 Farm
14:01 Farm
15:02 Castle
15:25 Farm
15:47 Farm
15:56 Farm
» items
| Scroll of Town Portal | 2 | |
| Potion of Lesser Invulnerability | 1 | |
| Scroll of Regeneration | 1 | |
4 total
NoMeansNo (
green | 65 APM | 2413 actions | 37:23)
10 Blademaster
3 Wind Walk
3 Critical Strike
1 Bladestorm
3 Mirror Image
3 Paladin
1 Holy Light
2 Divine Shield
» actions
| Assign group hotkey | 69 | |
| Basic commands | 32 | |
| Build / train | 93 | |
| Enter build submenu | 38 | |
| Enter hero's abilities submenu | 12 | |
| Remove unit from queue | 1 | |
| Right click | 1144 | |
| Select / deselect | 422 | |
| Select group hotkey | 383 | |
| Use ability | 219 | |
2413 total
» units
| Peon | 20 | |
| Grunt | 5 | |
| Wind Rider | 3 | |
| Troll Batrider | 19 | |
47 total
» upgrades
| Armor | 2 | |
| Ranged Weapons | 2 | |
| Troll Regeneration | 1 | |
| Reinforced Defenses | 1 | |
| Liquid Fire | 1 | |
| Plating | 1 | |
8 total
» buildings
| Orc Burrow | 4 | |
| Altar of Storms | 1 | |
| Barracks | 1 | |
| Voodoo Lounge | 1 | |
| Stronghold | 1 | |
| War Mill | 1 | |
| Beastiary | 3 | |
| Great Hall | 5 | |
| Watch Tower | 19 | |
| Fortress | 1 | |
| Town Hall | 2 | |
39 total
» build order
00:38 Orc Burrow
01:26 Orc Burrow
01:38 Altar of Storms
01:40 Barracks
02:23 Voodoo Lounge
03:29 Stronghold
05:05 War Mill
05:07 Orc Burrow
05:51 Beastiary
05:53 Beastiary
05:55 Orc Burrow
08:08 Great Hall
08:11 Great Hall
09:19 Watch Tower
09:22 Watch Tower
09:23 Watch Tower
09:57 Watch Tower
10:09 Watch Tower
10:10 Watch Tower
11:39 Fortress
11:41 Watch Tower
11:41 Watch Tower
11:41 Watch Tower
11:43 Watch Tower
18:54 Beastiary
19:34 Great Hall
20:14 Watch Tower
20:14 Watch Tower
20:15 Watch Tower
20:16 Watch Tower
25:48 Watch Tower
25:49 Watch Tower
25:49 Watch Tower
25:49 Watch Tower
27:40 Watch Tower
31:57 Great Hall
33:54 Town Hall
34:25 Town Hall
36:48 Great Hall
» items
| Healing Salve | 4 | |
| Scroll of Town Portal | 3 | |
| Potion of Mana | 2 | |
| Lesser Clarity Potion | 2 | |
| Potion of Healing | 2 | |
| Scroll of Regeneration | 1 | |
| Orb of Lightning | 1 | |
| Periapt of Vitality | 1 | |
| Staff of Teleportation | 1 | |
| Tome of Retraining | 1 | |
18 total

»
alwaysNo1 (
orange | 59 APM | 1156 actions | 19:36)
4 Pandaren Brewmaster
2 Breath of Fire
2 Drunken Haze
3 Paladin
2 Holy Light
1 Divine Shield
» actions
| Assign group hotkey | 3 | |
| Basic commands | 84 | |
| Build / train | 58 | |
| ESC pressed | 1 | |
| Enter build submenu | 27 | |
| Enter hero's abilities submenu | 7 | |
| Give item / drop item | 1 | |
| Remove unit from queue | 4 | |
| Right click | 687 | |
| Select / deselect | 219 | |
| Select group hotkey | 1 | |
| Use ability | 64 | |
1156 total
» units
| Peasant | 20 | |
| Gryphon Rider | 5 | |
| Siege Engine | 5 | |
30 total
» upgrades
| Masonry | 1 | |
| Storm Hammers | 1 | |
| Swords | 2 | |
| Flak Cannons | 0 | |
| Flying Machine Bombs | 1 | |
| Barrage | 1 | |
6 total
» buildings
| Lumber Mill | 1 | |
| Scout Tower | 8 | |
| Arcane Tower | 1 | |
| Guard Tower | 5 | |
| Altar of Kings | 1 | |
| Farm | 9 | |
| Blacksmith | 1 | |
| Keep | 1 | |
| Arcane Vault | 1 | |
| Castle | 1 | |
| Gryphon Aviary | 2 | |
| Barracks | 1 | |
| Workshop | 3 | |
35 total
» build order
00:17 Lumber Mill
01:00 Scout Tower
01:12 Scout Tower
01:15 Arcane Tower
01:18 Scout Tower
01:25 Guard Tower
01:49 Guard Tower
02:04 Scout Tower
02:16 Scout Tower
02:56 Scout Tower
02:59 Scout Tower
03:52 Guard Tower
04:04 Guard Tower
04:22 Altar of Kings
04:35 Farm
05:04 Farm
05:39 Blacksmith
06:33 Scout Tower
06:38 Farm
06:41 Keep
06:50 Arcane Vault
07:08 Guard Tower
09:06 Castle
09:10 Gryphon Aviary
09:12 Gryphon Aviary
09:40 Farm
09:41 Farm
09:42 Farm
09:43 Farm
11:05 Farm
11:06 Farm
11:57 Barracks
13:57 Workshop
14:08 Workshop
17:30 Workshop
» items
| Boots of Speed | 1 | |
| Staff of Teleportation | 1 | |
| Scroll of Town Portal | 1 | |
| Scroll of Regeneration | 1 | |
4 total
EWinter69 (
yellow | 71 APM | 2661 actions | 37:22)
9 Paladin
2 Holy Light
2 Divine Shield
3 Devotion Aura
2 Resurrection
3 Archmage
2 Blizzard
1 Brilliance Aura
3 Mountain King
1 Avatar
1 Bash
1 Thunder Clap
» actions
| Assign group hotkey | 75 | |
| Basic commands | 107 | |
| Build / train | 140 | |
| Enter build submenu | 46 | |
| Enter hero's abilities submenu | 18 | |
| Give item / drop item | 1 | |
| Remove unit from queue | 1 | |
| Right click | 501 | |
| Select / deselect | 660 | |
| Select group hotkey | 931 | |
| Use ability | 181 | |
2661 total
» units
| Peasant | 20 | |
| Footman | 17 | |
| Knight | 8 | |
| Sorceress | 6 | |
| Gryphon Rider | 4 | |
| Priest | 4 | |
59 total
» upgrades
| Defend | 2 | |
| Masonry | 2 | |
| Lumber Harvesting | 2 | |
| Swords | 3 | |
| Plating | 2 | |
| Animal War Training | 1 | |
| Priest Training | 2 | |
14 total
» buildings
| Altar of Kings | 1 | |
| Farm | 11 | |
| Barracks | 3 | |
| Lumber Mill | 1 | |
| Scout Tower | 15 | |
| Keep | 5 | |
| Guard Tower | 14 | |
| Arcane Vault | 1 | |
| Arcane Tower | 4 | |
| Town Hall | 4 | |
| Blacksmith | 1 | |
| Castle | 3 | |
| Arcane Sanctum | 3 | |
66 total
» build order
00:30 Altar of Kings
00:39 Farm
00:47 Barracks
02:21 Farm
02:22 Farm
03:39 Farm
04:43 Farm
05:37 Barracks
05:56 Farm
05:58 Farm
07:45 Farm
08:01 Lumber Mill
08:27 Scout Tower
08:29 Scout Tower
08:31 Scout Tower
09:07 Keep
09:08 Keep
09:08 Keep
09:08 Keep
09:24 Guard Tower
09:56 Scout Tower
09:57 Scout Tower
10:19 Guard Tower
10:27 Arcane Vault
10:28 Arcane Tower
10:29 Arcane Tower
10:54 Scout Tower
11:11 Guard Tower
11:11 Guard Tower
11:11 Guard Tower
11:11 Guard Tower
11:24 Scout Tower
11:26 Guard Tower
11:27 Guard Tower
11:29 Scout Tower
12:34 Town Hall
13:10 Guard Tower
13:15 Blacksmith
14:29 Castle
14:30 Castle
14:30 Castle
15:46 Guard Tower
15:46 Guard Tower
15:54 Arcane Sanctum
16:13 Scout Tower
16:15 Scout Tower
16:46 Barracks
17:33 Arcane Sanctum
23:02 Scout Tower
23:39 Town Hall
26:15 Arcane Sanctum
26:55 Farm
26:59 Farm
27:01 Farm
31:36 Town Hall
31:40 Scout Tower
32:21 Guard Tower
32:21 Guard Tower
32:21 Guard Tower
33:00 Scout Tower
33:01 Scout Tower
33:01 Scout Tower
36:33 Town Hall
» items
| Scroll of Town Portal | 3 | |
| Potion of Mana | 1 | |
4 total
team 2 (loser)
Ayrat (
pink | 101 APM | 3165 actions | 31:12)
7 Paladin
3 Holy Light
3 Divine Shield
1 Resurrection
5 Mountain King
3 Storm Bolt
2 Thunder Clap
» actions
| Assign group hotkey | 73 | |
| Basic commands | 148 | |
| Build / train | 125 | |
| ESC pressed | 3 | |
| Enter build submenu | 26 | |
| Enter hero's abilities submenu | 11 | |
| Remove unit from queue | 3 | |
| Right click | 1134 | |
| Select / deselect | 576 | |
| Select group hotkey | 944 | |
| Use ability | 122 | |
3165 total
» units
| Peasant | 5 | |
| Footman | 7 | |
| Rifleman | 9 | |
| Flying Machine | 48 | |
| Knight | 5 | |
74 total
» upgrades
| Lumber Harvesting | 3 | |
| Long Rifles | 1 | |
| Flak Cannons | 1 | |
| Flying Machine Bombs | 1 | |
6 total
» buildings
| Altar of Kings | 1 | |
| Barracks | 1 | |
| Farm | 12 | |
| Arcane Vault | 1 | |
| Lumber Mill | 1 | |
| Blacksmith | 2 | |
| Keep | 4 | |
| Workshop | 1 | |
| Scout Tower | 2 | |
| Guard Tower | 2 | |
| Castle | 1 | |
28 total
» build order
00:07 Altar of Kings
00:11 Barracks
00:18 Farm
00:22 Farm
00:56 Farm
01:52 Arcane Vault
02:30 Farm
03:18 Lumber Mill
04:23 Blacksmith
04:40 Keep
04:41 Keep
04:41 Keep
06:06 Farm
08:09 Workshop
08:13 Blacksmith
08:42 Scout Tower
09:21 Guard Tower
09:25 Farm
09:39 Farm
10:31 Farm
12:48 Scout Tower
13:45 Castle
14:30 Guard Tower
21:16 Farm
22:46 Farm
26:39 Farm
27:40 Farm
» items
| Potion of Healing | 5 | |
| Lesser Clarity Potion | 4 | |
| Scroll of Regeneration | 3 | |
| Scroll of Town Portal | 3 | |
| Orb of Fire | 1 | |
| Potion of Mana | 1 | |
17 total

»
Hulk. (
teal | 72 APM | 2594 actions | 36:15)
5 Far Seer
2 Feral Spirit
3 Chain Lighting
» actions
| Assign group hotkey | 44 | |
| Build / train | 84 | |
| Enter build submenu | 30 | |
| Enter hero's abilities submenu | 5 | |
| Remove unit from queue | 1 | |
| Right click | 1339 | |
| Select / deselect | 443 | |
| Select group hotkey | 467 | |
| Use ability | 181 | |
2594 total
» units
| Peon | 9 | |
| Grunt | 9 | |
| Raider | 9 | |
| Spirit Walker | 6 | |
| Troll Witch Doctor | 5 | |
| Tauren | 4 | |
| Knight | 4 | |
| Mortar Team | 1 | |
47 total
» upgrades
| Armor | 2 | |
| Pillage | 1 | |
| Spirit Walker Training | 1 | |
| Ensnare | 1 | |
| Witch Doctor Training | 2 | |
| Melee Weapons | 2 | |
9 total
» buildings
| Barracks | 2 | |
| Altar of Storms | 1 | |
| Orc Burrow | 7 | |
| War Mill | 1 | |
| Voodoo Lounge | 2 | |
| Watch Tower | 6 | |
| Stronghold | 1 | |
| Spirit Lodge | 2 | |
| Beastiary | 2 | |
| Fortress | 1 | |
| Tauren Totem | 1 | |
| Town Hall | 1 | |
27 total
» build order
00:29 Barracks
01:02 Altar of Storms
01:05 Orc Burrow
01:31 Orc Burrow
03:02 Barracks
03:08 War Mill
03:35 Voodoo Lounge
04:32 Watch Tower
04:50 Watch Tower
06:27 Orc Burrow
06:48 Voodoo Lounge
06:51 Watch Tower
07:30 Stronghold
07:38 Watch Tower
07:43 Watch Tower
07:57 Watch Tower
08:02 Orc Burrow
10:10 Spirit Lodge
10:16 Beastiary
10:30 Beastiary
11:10 Orc Burrow
14:53 Fortress
18:16 Spirit Lodge
20:40 Orc Burrow
21:57 Orc Burrow
24:59 Tauren Totem
31:33 Town Hall
» items
| Boots of Speed | 1 | |
| Scroll of Protection | 2 | |
| Healing Salve | 2 | |
| Scroll of Speed | 2 | |
| Scroll of Town Portal | 3 | |
| Potion of Healing | 3 | |
| Lesser Clarity Potion | 3 | |
| Potion of Mana | 2 | |
| Scroll of Healing | 1 | |
| Orb of Lightning | 1 | |
20 total
SeaMeSuck (
blue | 32 APM | 1191 actions | 37:21)
5 Dark Ranger
3 Black Arrow
2 Silence
5 Death Knight
3 Death Coil
2 Death Pact
» actions
| Assign group hotkey | 6 | |
| Basic commands | 2 | |
| Build / train | 67 | |
| ESC pressed | 1 | |
| Enter build submenu | 24 | |
| Enter hero's abilities submenu | 9 | |
| Right click | 713 | |
| Select / deselect | 295 | |
| Select group hotkey | 25 | |
| Use ability | 49 | |
1191 total
» units
| Acolyte | 24 | |
| Ghoul | 11 | |
| Frost Wyrm | 6 | |
41 total
» upgrades
| Creature Carapace | 3 | |
| Creature Attack | 2 | |
| Freezing Breath | 1 | |
6 total
» buildings
| Graveyard | 1 | |
| Crypt | 1 | |
| Altar of Darkness | 1 | |
| Ziggurat | 8 | |
| Tomb of Relics | 1 | |
| Halls of the Dead | 1 | |
| Black Citadel | 1 | |
| Sacrificial Pit | 1 | |
| Boneyard | 3 | |
| Spirit Tower | 1 | |
19 total
» build order
00:25 Graveyard
00:31 Crypt
00:46 Altar of Darkness
01:08 Ziggurat
01:14 Tomb of Relics
01:33 Ziggurat
04:14 Halls of the Dead
04:17 Ziggurat
07:11 Black Citadel
07:14 Sacrificial Pit
08:23 Ziggurat
08:26 Ziggurat
08:31 Ziggurat
09:51 Boneyard
09:52 Boneyard
09:55 Boneyard
10:14 Ziggurat
10:16 Ziggurat
12:51 Spirit Tower
» items
| Lesser Clarity Potion | 1 | |
| Healing Salve | 1 | |
| Scroll of Town Portal | 1 | |
| Potion of Healing | 1 | |
4 total

»
DawnKnight62 (
red | 43 APM | 1551 actions | 36:05)
5 Death Knight
2 Death Coil
2 Unholy Aura
1 Death Pact
3 Crypt Lord
2 Carrion Beetles
1 Spiked Carapace
» actions
| Build / train | 62 | |
| Enter build submenu | 21 | |
| Enter hero's abilities submenu | 8 | |
| Right click | 928 | |
| Select / deselect | 445 | |
| Use ability | 87 | |
1551 total
» units
| Acolyte | 4 | |
| Ghoul | 7 | |
| Crypt Fiend | 8 | |
| Obsidian Statue | 6 | |
25 total
» upgrades
| Creature Attack | 2 | |
| Creature Carapace | 1 | |
| Web | 1 | |
| Burrow | 1 | |
| Destroyer Form | 1 | |
6 total
» buildings
| Ziggurat | 10 | |
| Crypt | 2 | |
| Altar of Darkness | 1 | |
| Graveyard | 1 | |
| Nerubian Tower | 3 | |
| Halls of the Dead | 1 | |
| Tomb of Relics | 2 | |
| Black Citadel | 1 | |
| Slaughterhouse | 2 | |
| Spirit Tower | 3 | |
| Sacrificial Pit | 1 | |
27 total
» build order
00:17 Ziggurat
00:20 Crypt
00:36 Altar of Darkness
02:35 Crypt
02:57 Ziggurat
03:16 Graveyard
03:57 Ziggurat
03:59 Nerubian Tower
07:11 Nerubian Tower
07:13 Halls of the Dead
08:04 Ziggurat
11:09 Tomb of Relics
11:12 Ziggurat
12:59 Black Citadel
14:30 Slaughterhouse
18:26 Slaughterhouse
20:01 Ziggurat
20:30 Ziggurat
21:08 Nerubian Tower
21:42 Spirit Tower
22:57 Ziggurat
25:20 Ziggurat
25:22 Ziggurat
25:31 Sacrificial Pit
25:42 Tomb of Relics
26:34 Spirit Tower
31:36 Spirit Tower
» items
| Periapt of Vitality | 1 | |
| Potion of Lesser Invulnerability | 3 | |
| Scroll of Town Portal | 5 | |
| Scroll of Protection | 1 | |
| Dust of Appearance | 1 | |
| Staff of Teleportation | 1 | |
| Healing Salve | 1 | |
13 total
Chat log
(01:10 / Allies) EWinter69: expo peeps
(01:24 / Allies) EWinter69: knights and Breakers
(01:32 / Allies) alwaysNo1: spare money and wood?
(04:20 / Allies) alwaysNo1: kill teal
(06:11 / Allies) alwaysNo1: to much tower
(06:25 / Allies) EWinter69: b
(06:25 / Allies) EWinter69: bb
(06:50 / Allies) NoMeansNo: b up yel
(06:55 / Allies) NoMeansNo: b up yel
(08:56 / Allies) alwaysNo1: dont think they got any exp
(09:24 / Allies) alwaysNo1: red
(09:43 / Allies) EWinter69: hit mid
(11:25 / All) NoMeansNo: forgot to cancel it lawl
(13:19 / Allies) NoMeansNo: need aa
(13:31 / Allies) EWinter69: y
(13:35 / Allies) NoMeansNo: wyrms and gyro
(14:01 / Allies) alwaysNo1: is pink gyros?
(14:07 / Allies) NoMeansNo: yeah and blue wyrm
(14:11 / Allies) NoMeansNo: Im making bats but we need mo
(15:05 / Allies) NoMeansNo: out
(15:06 / Allies) NoMeansNo: out
(15:06 / Allies) NoMeansNo: out
(15:27 / All) EWinter69: lol
(16:20 / Allies) NoMeansNo: bring bats oj
(17:03 / Allies) EWinter69: onmy
(18:56 / Allies) alwaysNo1: yellow
(18:58 / Allies) alwaysNo1: u cancerous fuck
(19:13 / Allies) alwaysNo1: jesus
(19:34 / Allies) alwaysNo1: #my allies always
(19:54 / All) NoMeansNo: man he's the one that went for the bullshit tower rush
(20:56 / Allies) NoMeansNo: purple
(21:01 / Allies) NoMeansNo: let it go
(21:07 / Allies) EWinter69: out
(22:17 / All) DawnKnight62: does that make u feel better green?
(23:24 / Allies) EWinter69: comin
(24:59 / All) EWinter69: HELZ YE
(25:00 / All) EWinter69: A
(25:10 / All) EWinter69: OUT YEE GO!!
(25:57 / Allies) NoMeansNo: lumbs?
(27:52 / Allies) NoMeansNo: flash
(28:11 / Allies) NoMeansNo: shiiiieeetttt
(28:36 / Allies) NoMeansNo: move the priests more in the towers
(29:31 / Allies) NoMeansNo: out
(31:29 / All) EWinter69: GG
(31:36 / Allies) NoMeansNo: heal up
(32:16 / Allies) NoMeansNo: gonna buy dif spells for pally
(34:18 / Allies) NoMeansNo: priests
(34:30 / Allies) EWinter69: how did they get thre
(36:30 / All) NoMeansNo: TRUMP 2016
(36:36 / All) EWinter69: GREEN!!